[Event "European Amateur Chess-ch 2022"]
[Site "Zagreb"]
[Date "2022.08.19"]
[Round "7.1"]
[White "Karlusic, Luka"]
[Black "Begic, Domagoj"]
[Result "1/2-1/2"]
[ECO "D46"]
[WhiteElo "2089"]
[BlackElo "2026"]
[Annotator "NA RC"]
[PlyCount "95"]
[EventDate "2022.08.14"]
[EventCountry "CRO"]
[SourceTitle "playchess.com"]
[Source "ChessBase"]
[SourceQuality "1"]
[TimeControl "40/5400+30:1800+30"]

1. d4 d5 2. c4 c6 3. Nf3 Nf6 4. Nc3 e6 5. e3 Bd6 6. Qc2 Nbd7 7. Bd3 h6 8. O-O O-O 9. Rd1 Qe7 10. b3 b6 11. Bb2 Bb7 12. a4 a5 13. Qe2 Rfe8 14. e4 dxe4 15. Nxe4 Nxe4 16. Bxe4 Nf6 17. Bc2 c5 18. dxc5 Bxc5 19. Nd2 Red8 20. Ne4 Nxe4 21. Bxe4 Bxe4 22. Qxe4 Qg5 23. h3 Rac8 24. Bd4 Qh5 25. Rd3 Rd6 26. Bxc5 Qxc5 27. Rad1 Rcd8 28. Rxd6 Rxd6 29. Rxd6 Qxd6 30. Qa8+ Kh7 31. Qe4+ f5 32. Qe3 e5 33. Qf3 Qe6 34. Qe3 Qd6 35. Qf3 g6 36. Qb7+ Kg8 37. h4 h5 38. Qc8+ Kf7 39. Qb7+ Kf6 40. Qc8 f4 41. Qh8+ Kf7 42. f3 Ke7 43. Qc8 Qd4+ 44. Kh1 Kd6 45. Qf8+ Kc6 46. Qc8+ Kd6 47. Qf8+ Kc6 48. Qf7 1/2-1/2

[Event "European Amateur Chess-ch 2022"]
[Site "Zagreb"]
[Date "2022.08.19"]
[Round "7.2"]
[White "Vujec, Ivan"]
[Black "Babic, Zvonko"]
[Result "1-0"]
[ECO "B07"]
[WhiteElo "2192"]
[BlackElo "2180"]
[Annotator "NA RC"]
[PlyCount "65"]
[EventDate "2022.08.14"]
[EventCountry "CRO"]
[SourceTitle "playchess.com"]
[Source "ChessBase"]
[SourceQuality "1"]
[TimeControl "40/5400+30:1800+30"]

1. e4 d6 2. d4 Nf6 3. Nc3 e5 4. Nge2 Nbd7 5. h3 Be7 6. g4 c6 7. Bg2 b5 8. a3 Rb8 9. Ng3 Qc7 10. Nf5 Bf8 11. g5 Ng8 12. Ne2 g6 13. Nfg3 h5 14. h4 exd4 15. Nxd4 Ne5 16. O-O c5 17. Nde2 c4 18. Be3 Rh7 19. Nc3 Ne7 20. a4 a6 21. axb5 axb5 22. Ra7 Qd8 23. Nd5 Nxd5 24. exd5 Be7 25. f4 Bg4 26. Qe1 Nd7 27. Bd4 f5 28. gxf6 Nxf6 29. Kh1 Rf7 30. f5 gxf5 31. Nxf5 Bxf5 32. Rxf5 Kf8 33. Qe6 1-0

[Event "European Amateur Chess-ch 2022"]
[Site "Zagreb"]
[Date "2022.08.19"]
[Round "7.3"]
[White "Starcevic, Ante Leon"]
[Black "Peric, Bernard"]
[Result "1/2-1/2"]
[ECO "C00"]
[WhiteElo "2152"]
[BlackElo "2112"]
[Annotator "NA RC"]
[PlyCount "46"]
[EventDate "2022.08.14"]
[EventCountry "CRO"]
[SourceTitle "playchess.com"]
[Source "ChessBase"]
[SourceQuality "1"]
[TimeControl "40/5400+30:1800+30"]

1. c4 e6 2. e4 d5 3. exd5 exd5 4. cxd5 Nf6 5. Nc3 Nxd5 6. Nf3 Nxc3 7. bxc3 Be7 8. d4 O-O 9. Bd3 Nd7 10. Qc2 Nf6 11. Be3 c5 12. dxc5 Qc7 13. Bd4 h6 14. O-O Nd7 15. c6 bxc6 16. Qe2 Bf6 17. Qe4 g6 18. Bc4 Kg7 19. Qe7 Qd8 20. Rfe1 Qxe7 21. Rxe7 c5 22. Bxf6+ Kxf6 23. Rae1 Nb6 1/2-1/2

[Event "European Amateur Chess-ch 2022"]
[Site "Zagreb"]
[Date "2022.08.19"]
[Round "7.4"]
[White "Vrban, Mladen"]
[Black "Fajdetic, Hrvoje"]
[Result "0-1"]
[ECO "A91"]
[WhiteElo "2297"]
[BlackElo "2151"]
[Annotator "TA"]
[PlyCount "132"]
[EventDate "2022.08.14"]
[EventCountry "CRO"]
[SourceTitle "playchess.com"]
[Source "ChessBase"]
[SourceQuality "1"]
[TimeControl "40/5400+30:1800+30"]

1. d4 f5 2. g3 Nf6 3. Bg2 e6 4. Nh3 Be7 5. O-O d6 6. c4 O-O 7. Nc3 e5 {now supersedes 7...Qe8. A91: Classical Dutch: Early Deviations.} 8. e3 Qe8 {[#]} 9. c5 $146 ({Predecessor:} 9. f4 e4 10. b4 c6 11. d5 Na6 12. Rb1 Nc7 13. Qb3 Kh8 14. Rd1 Bd7 15. Nf2 cxd5 16. cxd5 {0-1 (43) Hart,R (2210)-Zhang,W (1843) Auckland 2014}) 9... Qh5 $2 (9... Nc6 $11 {and Black stays safe.}) 10. Qxh5 (10. Nd5 $18 Qxd1 11. Nxe7+ (11. Rxd1 Nxd5 12. Bxd5+ Kh8 $14) 11... Kf7 12. Rxd1 Kxe7 13. cxd6+ cxd6 14. dxe5 dxe5 15. b3) 10... Nxh5 $16 11. Nd5 Bd8 12. cxd6 cxd6 13. Bd2 ({White should play} 13. b3 $1 $16) 13... Nc6 $14 14. Nb4 Ne7 15. Nd5 (15. dxe5 $14 dxe5 16. Rfd1) 15... e4 16. Nxe7+ Bxe7 17. Rfc1 d5 18. a3 Rf6 19. f4 Rc6 20. Rxc6 bxc6 21. Rc1 {Prevents c5.} Bd7 22. Ba5 Nf6 23. Bf1 Ne8 24. Ba6 Rb8 25. b4 Kf8 26. Nf2 Bd8 (26... Kf7 $11) 27. Bxd8 Rxd8 28. b5 $2 (28. Rc5 $14 {stays ahead.}) 28... Nc7 (28... cxb5 $17 {Strongly threatening ...Ke7.} 29. Bb7 (29. Rc5 Rb8 $17) 29... Nf6) 29. bxc6 $11 Nxa6 30. cxd7 Rxd7 {[%mdl 4096] Endgame KRN-KRN} (30... Ke7 {seems wilder.} 31. g4 Rxd7 32. gxf5 Rc7) 31. Rc6 Nc7 32. g4 Nb5 33. a4 Nd6 {Against Rc8+} 34. gxf5 Nxf5 35. Ng4 Rb7 {aiming for ...h5.} 36. Rc3 (36. Rc5 $11) 36... Ke7 37. a5 {[#]} (37. Ne5 $15) 37... Kd6 $1 $17 38. Ne5 {[#]} Rc7 {Against Rc6+} 39. Rb3 (39. Ra3 $17 {was necessary.}) 39... Rc1+ $19 40. Kf2 Ra1 41. Nf7+ Ke6 42. Ng5+ Kd6 {Black is more active.} 43. Nf7+ Ke6 44. Ng5+ Kd6 $2 (44... Kd7 $19 45. Nxh7 (45. Rb7+ Kc6 $17) 45... Rxa5) 45. Nxh7 $2 (45. Nf7+ $11 Ke6) 45... Rxa5 46. Ng5 Ra2+ 47. Ke1 a5 48. Nf7+ $2 (48. Rc3) 48... Kc7 49. Rc3+ Kb6 50. Ne5 Rxh2 $2 (50... a4 $19 {and Black stays clearly on top.} 51. h4 Rh2) 51. Kd1 $2 (51. Rb3+ $17 {was the crucial defense.} Ka6 52. Nd7) 51... Kb5 52. Rc5+ Ka4 53. Nc6 Nxe3+ 54. Ke1 Ng2+ $2 ({Better is} 54... Kb3 $19 {White must now prevent ...a4.} 55. Nxa5+ Kb2 56. Rb5+ Kc3 57. Rb3+ Kxd4 58. Nc6+ Kc5 59. Rxe3 Kxc6) 55. Kf2 $11 Nxf4+ 56. Kg3 {[#]} e3 $1 57. Rxa5+ Kb3 58. Ra1 $2 (58. Kxh2 $11 e2 59. Ra1) 58... Rf2 $19 59. Re1 Ne2+ 60. Kg4 Kc3 {( -> ...Kd2)} 61. Ne7 Kd2 {Black mates.} 62. Ra1 Nc3 63. Kg3 Rf7 64. Ng6 e2 65. Ne5 Rf1 66. Nf3+ {[#]} Rxf3+ $1 {Weighted Error Value: White=0.55/Black=0.39} 0-1

[Event "European Amateur Chess-ch 2022"]
[Site "Zagreb"]
[Date "2022.08.19"]
[Round "7.5"]
[White "Novosel, Lovro"]
[Black "Tomic, Stjepan"]
[Result "1-0"]
[ECO "D23"]
[WhiteElo "2212"]
[BlackElo "1990"]
[Annotator "NA RC"]
[PlyCount "68"]
[EventDate "2022.08.14"]
[EventCountry "CRO"]
[SourceTitle "playchess.com"]
[Source "ChessBase"]
[SourceQuality "1"]
[TimeControl "40/5400+30:1800+30"]

1. d4 Nf6 2. Nf3 d5 3. c4 c6 4. Qc2 dxc4 5. Qxc4 Bf5 6. g3 e6 7. Bg2 Nbd7 8. O-O Be7 9. Nc3 O-O 10. Re1 Ne4 11. Bf4 Nxc3 12. bxc3 Be4 13. Bf1 c5 14. Nd2 Bc6 15. e4 Rc8 16. Qd3 cxd4 17. cxd4 a6 18. Nf3 Bb5 19. Qb3 Bxf1 20. Kxf1 b5 21. Rad1 Nb6 22. Kg2 Rc4 23. Ne5 Rc8 24. d5 exd5 25. exd5 Bf6 26. d6 Nd7 27. Qf3 Bxe5 28. Bxe5 Re8 29. Bf4 h6 30. Qd5 Qf6 31. Re7 Red8 32. Rde1 Nf8 33. d7 Qc6 34. Rd1 Qxd5+ 1-0

[Event "European Amateur Chess-ch 2022"]
[Site "Zagreb"]
[Date "2022.08.19"]
[Round "7.6"]
[White "Krikunov, Dmitry"]
[Black "Brigljevic, Milan"]
[Result "1-0"]
[ECO "B07"]
[WhiteElo "2202"]
[BlackElo "2161"]
[Annotator "NA RC"]
[PlyCount "53"]
[EventDate "2022.08.14"]
[EventCountry "CRO"]
[SourceTitle "playchess.com"]
[Source "ChessBase"]
[SourceQuality "1"]
[TimeControl "40/5400+30:1800+30"]

1. e4 d6 2. d4 Nf6 3. Nc3 c6 4. f4 Qa5 5. Bd3 e5 6. Nf3 Nbd7 7. Bd2 exd4 8. Nxd4 Nc5 9. Nd5 Nxd3+ 10. cxd3 Qd8 11. Ne3 h5 12. Qb3 Qb6 13. Bc3 Nd7 14. Qc2 Nc5 15. Ndf5 Ne6 16. Nc4 Qc7 17. e5 d5 18. Ncd6+ Kd8 19. O-O Rg8 20. Nxc8 Rxc8 21. Qf2 Qb6 22. Nd4 Nxd4 23. Bxd4 c5 24. Be3 d4 25. Bd2 c4 26. Rac1 cxd3 27. Ba5 1-0

[Event "European Amateur Chess-ch 2022"]
[Site "Zagreb"]
[Date "2022.08.19"]
[Round "7.7"]
[White "Roska, Branislav"]
[Black "Bouget, Alexandre"]
[Result "0-1"]
[ECO "C55"]
[WhiteElo "2153"]
[BlackElo "2282"]
[Annotator "TA"]
[PlyCount "74"]
[EventDate "2022.08.14"]
[EventCountry "CRO"]
[SourceTitle "playchess.com"]
[Source "ChessBase"]
[SourceQuality "1"]
[TimeControl "40/5400+30:1800+30"]

1. e4 e5 2. Nf3 Nc6 3. Bc4 Nf6 4. d3 Be7 5. Nc3 d6 6. Be3 O-O 7. h3 a6 {C55: Two Knights: 4 d3, 4 d4 exd4 5 e5 and Max Lange Attack.} 8. Nd5 {[#]} Nxd5 $146 ({Predecessor:} 8... Na5 9. Nxe7+ Qxe7 10. Bb3 Nxb3 11. axb3 d5 12. exd5 Nxd5 13. O-O Nxe3 14. fxe3 f5 15. Ra5 b5 16. Qe1 Bb7 17. Ra1 Rae8 18. Nd2 Qg5 19. e4 f4 20. Nf3 Qe7 21. Kh1 Bc8 {½-½ (21) Ulrich,D (1772)-Martinec,K (1889) Czech Republic 2006}) 9. Bxd5 Be6 {The position is equal.} 10. c4 Qd7 11. Bxc6 (11. Rc1 $11) 11... Qxc6 12. Ng5 Bxg5 13. Bxg5 f5 14. f3 fxe4 15. fxe4 b5 16. b3 bxc4 {Black is more active.} 17. bxc4 Qe8 18. Be3 Qg6 19. Qe2 Rab8 20. Rf1 Qg3+ 21. Rf2 Rb7 22. Rc1 c5 (22... Rb2 23. Qxb2 Qxe3+ 24. Re2 Qg1+ 25. Kd2 $16) 23. Kd2 Rfb8 24. Rc2 Bd7 {Strongly threatening ...Ba4.} 25. Qe1 (25. Qh5 $2 Ba4 26. Qg4 Qxg4 27. hxg4 Bxc2 28. Kxc2 Rb2+ 29. Kc3 Rxf2 30. Bxf2 Rb1 $19) 25... Qg6 {And now ...Ba4 would win.} 26. Ke2 Rb1 (26... Ba4 $5 27. Rc1 Bd7 $15) 27. Rc1 R1b2+ 28. Kf1 Rf8 $36 {[%mdl 2048] Black has good play.} 29. Rb1 Rbxf2+ 30. Bxf2 Qg3 {[%cal Of8f2] Threatens to win with ...Rxf2+!} 31. Rb6 $2 {[%mdl 8192] [#]} (31. Kg1 $11 {and White stays safe.} Qxd3 32. Rd1 Qxc4 33. Rxd6) 31... Qh2 $1 $19 ({Worse is} 31... Qxd3+ 32. Qe2 Qxe2+ 33. Kxe2 $17) 32. Rxd6 Be8 {...Qh1+ is the strong threat.} 33. Qe3 Bh5 $2 (33... Qh1+ $19 34. Ke2 h6) 34. Ke1 $2 (34. g4 $11 Bg6 35. Ke2 (35. Ke1 Qh1+ 36. Bg1 Qg2 $11)) 34... Qh1+ ({Weaker is} 34... Qxg2 35. Qg3 Qh1+ 36. Bg1 $14) 35. Kd2 Qd1+ {Black mates.} 36. Kc3 Qa1+ 37. Kc2 {[#]} Rxf2+ $1 {[%mdl 512] Weighted Error Value: White=0.79/Black=0.24 (precise)} 0-1

[Event "European Amateur Chess-ch 2022"]
[Site "Zagreb"]
[Date "2022.08.19"]
[Round "7.8"]
[White "Grgantov, Marin"]
[Black "Colev, Ivor"]
[Result "1-0"]
[ECO "B76"]
[WhiteElo "2048"]
[BlackElo "1950"]
[Annotator "NA RC"]
[PlyCount "85"]
[EventDate "2022.08.14"]
[EventCountry "CRO"]
[SourceTitle "playchess.com"]
[Source "ChessBase"]
[SourceQuality "1"]
[TimeControl "40/5400+30:1800+30"]

1. e4 c5 2. Nf3 d6 3. d4 cxd4 4. Nxd4 Nf6 5. Nc3 Bd7 6. Be2 Nc6 7. Be3 g6 8. f3 Bg7 9. Qd2 O-O 10. O-O-O a6 11. g4 b5 12. h4 b4 13. Nd5 Nxd5 14. exd5 Nxd4 15. Bxd4 Bxd4 16. Qxd4 Qa5 17. Kb1 Qc5 18. Qd2 Bb5 19. h5 Rac8 20. Rh2 Bc4 21. Bxc4 Qxc4 22. Qh6 g5 23. Qxg5+ Kh8 24. h6 Rg8 25. Qxe7 Qf4 26. Re2 Qxf3 27. g5 Qf4 28. Qf6+ Qxf6 29. gxf6 Rg6 30. Rde1 Rcg8 31. Re8 a5 32. Rxg8+ Rxg8 33. a3 bxa3 34. b3 Rb8 35. Ka2 Kg8 36. Kxa3 Kf8 37. Rg1 Re8 38. Rg7 Re5 39. Rxh7 Ke8 40. Rg7 Rh5 41. h7 Kd7 42. Rxf7+ Ke8 43. Ra7 1-0

[Event "European Amateur Chess-ch 2022"]
[Site "Zagreb"]
[Date "2022.08.19"]
[Round "7.9"]
[White "Buchcar, Tomas"]
[Black "Vucenovic, Damian"]
[Result "1/2-1/2"]
[ECO "A13"]
[WhiteElo "2208"]
[BlackElo "2053"]
[Annotator "TA"]
[PlyCount "95"]
[EventDate "2022.08.14"]
[EventCountry "CRO"]
[SourceTitle "playchess.com"]
[Source "ChessBase"]
[SourceQuality "1"]
[TimeControl "40/5400+30:1800+30"]

1. Nf3 d5 2. c4 e6 3. e3 Nf6 4. b3 Be7 5. Be2 O-O 6. O-O {A13: English Opening: 1...e6.} c5 7. cxd5 exd5 8. d4 b6 9. Bb2 Bb7 10. Nbd2 Nbd7 11. Rc1 Rc8 12. Bd3 Ne4 13. Qe2 f5 {[#]} 14. Rfd1 $146 ({Predecessor:} 14. Ba6 Qc7 15. dxc5 Bxa6 16. Qxa6 bxc5 17. Qe6+ Rf7 18. Qxd5 Nb6 19. Qe6 Nxd2 20. Nxd2 {1-0 (45) Ferreira,A (2290)-Itaas,S (2040) Yerevan 1996}) 14... Bd6 15. g3 Ndf6 16. Ne5 {Against Ng4} (16. dxc5 $1 $14 bxc5 17. Nh4) 16... Qe7 17. f3 Nxd2 18. Qxd2 Qe6 19. Bf1 Nd7 (19... Rfd8 $11) 20. Nxd7 $14 Qxd7 21. Bg2 (21. dxc5 $14 Rxc5 22. f4) 21... Rfe8 22. f4 (22. dxc5 $14 Bxc5 23. Bd4) 22... c4 $15 23. bxc4 dxc4 (23... Rxc4 $6 24. Rxc4 dxc4 25. d5) 24. d5 $1 b5 25. Bd4 a6 26. Qf2 b4 27. g4 $1 a5 ({Of course not} 27... fxg4 28. e4 $11) 28. gxf5 Qxf5 29. Qf3 (29. Qg3 $11 {was the only way to keep the balance.} Bf8 30. Be5) 29... c3 30. Kf2 (30. Bh3 $17 Qg6+ 31. Qg3) 30... Rc7 31. Bb6 (31. Kg1 {was called for.}) 31... Rce7 $19 32. Bh3 Qf6 {[%cal Od6f4] [#] Strongly threatening ...Bxf4!} 33. Bd4 Qh4+ 34. Kg1 a4 (34... Rf7 $19 {[%cal Rd6f4] aiming for ...Bxf4!} 35. Qg3 Qxg3+ 36. hxg3 Bxd5 37. Bxc3 {[#]} Bc5 $1) 35. Rc2 Rf8 (35... Bc8 $17 36. Bxc8 Rxc8) 36. Rf2 $2 (36. a3 $1 $11 {and White stays safe.}) 36... c2 $2 ({Black should try} 36... Qh6 $19 {Threatens to win with ...Rc7.} 37. Rc1 Rc7) 37. Rxc2 $16 Bxf4 $2 (37... Rff7 $16 {is more resistant.} 38. Rf1 g6) 38. Qg4 $2 ({White must play} 38. exf4 $18 Rd8 39. Be5) 38... Qxg4+ 39. Bxg4 Bxe3+ 40. Bxe3 Rxe3 41. Be6+ Kh8 42. Rc7 (42. Rf2 $1 $14 Re8 43. Rdf1) 42... Ba6 $11 {The position is equal.} 43. Ra7 Bb5 44. Rb7 Be2 45. Rc1 Re5 46. Rf7 ({But not} 46. Rxb4 $2 Rg5+ 47. Bg4 Bxg4 $19) 46... Rd8 47. Rd7 Rf8 {( -> ...Rg5+)} 48. Rf7 {Weighted Error Value: White=0.41/Black=0.54} 1/2-1/2

[Event "European Amateur Chess-ch 2022"]
[Site "Zagreb"]
[Date "2022.08.19"]
[Round "7.10"]
[White "Denic, Marin"]
[Black "Kanizaj, Benjamin"]
[Result "1-0"]
[ECO "B81"]
[WhiteElo "2190"]
[BlackElo "2050"]
[Annotator "TA"]
[PlyCount "79"]
[EventDate "2022.08.14"]
[EventCountry "CRO"]
[SourceTitle "playchess.com"]
[Source "ChessBase"]
[SourceQuality "1"]
[TimeControl "40/5400+30:1800+30"]

1. e4 c5 2. Nf3 d6 3. d4 cxd4 4. Nxd4 Nf6 5. Nc3 e6 6. g4 h6 7. Rg1 Nc6 8. Be3 $1 {8.Be3 scores better than 8.h4.} Be7 9. Qe2 a6 {B81: Sicilian Scheveningen: Keres Attack.} 10. O-O-O Qc7 11. f4 {White is more active.} Nd7 {[#] White is better.} 12. Qf2 $146 ({Predecessor:} 12. Kb1 Rb8 13. Rg3 Nf6 14. a3 Bd7 15. h4 h5 16. g5 Ng4 17. f5 g6 18. f6 {1-0 (25) Sadowski,M (2572)-Chacon,P (2603) ICCF email 2009}) 12... b5 13. Nxc6 Qxc6 14. Bg2 {[%cal Oe4e5] e5! is the strong threat.} Bb7 15. e5 d5 16. Ne2 Bc5 ({Much weaker is} 16... Rc8 17. Nd4 Qc7 18. Kb1 $11) 17. Nd4 Bxd4 ({Better is} 17... Qc7 $14) 18. Bxd4 $16 Rc8 19. f5 Nc5 (19... b4 $16) 20. Kb1 $1 $18 b4 21. Rgf1 $1 {And now fxe6 would win.} Na4 (21... Rc7 $142 22. fxe6 fxe6) 22. Bh3 Rc7 23. fxe6 Qxe6 24. Rd3 {[%cal Og4g5] Black must now prevent g5!} g5 $2 (24... Qe7) 25. Rf3 Re7 26. Rf6 Qd7 27. e6 Qb5 28. Rxf7 (28. exf7+ $142 Kd7 29. Qf5+ Kd8 30. Rd6+ Kc7 31. Bxh8 Nc3+ 32. Ka1 Qxf1+ 33. Qxf1 Rxf7 34. Qxf7+ Kxd6 35. bxc3) 28... Rxe6 29. Bxh8 {Intending Qa7 and mate. A strong pair of Bishops.} Nc3+ 30. Bxc3 (30. bxc3 $2 {is a self mate.} bxc3+ 31. Kc1 Qb2+ 32. Kd1 Qb1#) 30... bxc3 31. Rf8+ (31. b3 $142 Qe2 32. Qg3 (32. Rxb7 Qxf2 33. Rb8+ Kd7 34. a4 Re1+ 35. Ka2 Rxf1 36. Rb7+ Ke6) 32... Qe5 33. Rxb7 Qxg3 34. hxg3 Re2 35. Ra7 a5 36. Rxa5) 31... Kd7 32. Qf7+ Re7 33. Qf5+ Kc7 34. b3 {Threatening mate with Rf7.} Qc5 35. Rf7 {White wants to mate with Qf6.} Rxf7 36. Qxf7+ (36. Qe5+ $142 Kb6 37. Rxf7 Ka7 38. Bf1 a5 39. Qf6 Qb6 40. Qxc3 a4 41. Bg2 Qg1+ 42. Rf1) 36... Kb6 37. Rf6+ Ka7 38. Qf8 Qe3 {[#]} 39. Rf1 $1 a5 (39... Qd4 40. Qxh6) 40. Qf2 {Weighted Error Value: White=0.10 (very precise) /Black=1.83} 1-0

[Event "European Amateur Chess-ch 2022"]
[Site "Zagreb"]
[Date "2022.08.19"]
[Round "7.11"]
[White "Gal, Moshe"]
[Black "Franc, Borna"]
[Result "0-1"]
[ECO "A13"]
[WhiteElo "2111"]
[BlackElo "2020"]
[Annotator "NA RC"]
[PlyCount "38"]
[EventDate "2022.08.14"]
[EventCountry "CRO"]
[SourceTitle "playchess.com"]
[Source "ChessBase"]
[SourceQuality "1"]
[TimeControl "40/5400+30:1800+30"]

1. Nf3 Nf6 2. c4 e6 3. b3 d5 4. e3 c5 5. Bb2 Nc6 6. cxd5 exd5 7. Bb5 Bd6 8. O-O O-O 9. d4 cxd4 10. Nxd4 Ne5 11. Nd2 a6 12. Be2 Qe7 13. N2f3 Bd7 14. Rc1 Rac8 15. Rxc8 Rxc8 16. Qa1 Neg4 17. h3 Nxe3 18. fxe3 Qxe3+ 19. Rf2 Ne4 0-1

[Event "European Amateur Chess-ch 2022"]
[Site "Zagreb"]
[Date "2022.08.19"]
[Round "7.12"]
[White "Ruzic, Pia Marie"]
[Black "Horvat, Damjan"]
[Result "1-0"]
[ECO "D11"]
[WhiteElo "1996"]
[BlackElo "2072"]
[Annotator "NA RC"]
[PlyCount "89"]
[EventDate "2022.08.14"]
[EventCountry "CRO"]
[SourceTitle "playchess.com"]
[Source "ChessBase"]
[SourceQuality "1"]
[TimeControl "40/5400+30:1800+30"]

1. d4 d5 2. c4 c6 3. Nf3 Nf6 4. e3 a6 5. Bd3 g6 6. Qc2 Bg7 7. b3 O-O 8. O-O Bg4 9. Nbd2 Nbd7 10. a4 e6 11. Ba3 Re8 12. Rac1 Rc8 13. h3 Bf5 14. Rfd1 Bxd3 15. Qxd3 Bf8 16. Bxf8 Kxf8 17. e4 dxe4 18. Nxe4 Qc7 19. Nxf6 Nxf6 20. Qe3 Kg7 21. Ne5 Nd7 22. c5 Nf6 23. Nc4 Nd5 24. Qd2 Re7 25. b4 Qf4 26. Qe1 Rd8 27. Rb1 Nf6 28. Qe3 Qxe3 29. fxe3 Ne4 30. Rdc1 f5 31. b5 axb5 32. axb5 cxb5 33. Rxb5 f4 34. Rcb1 fxe3 35. Rxb7 Rxb7 36. Rxb7+ Kf6 37. Nxe3 Rxd4 38. c6 Rd3 39. Nc4 Rc3 40. Rb4 Ke7 41. c7 Nd6 42. Rb7 Nc8 43. Nb6 Kd6 44. Nxc8+ Kc6 45. Ra7 1-0

[Event "European Amateur Chess-ch 2022"]
[Site "Zagreb"]
[Date "2022.08.19"]
[Round "7.13"]
[White "Jonsson, Gauti Pall"]
[Black "Prihoda, Leonardo"]
[Result "1/2-1/2"]
[ECO "C47"]
[WhiteElo "2071"]
[BlackElo "1995"]
[Annotator "NA RC"]
[PlyCount "72"]
[EventDate "2022.08.14"]
[EventCountry "CRO"]
[SourceTitle "playchess.com"]
[Source "ChessBase"]
[SourceQuality "1"]
[TimeControl "40/5400+30:1800+30"]

1. e4 e5 2. Nf3 Nc6 3. d4 exd4 4. Nxd4 Nf6 5. Nc3 Bb4 6. Nxc6 bxc6 7. Bd3 d5 8. exd5 cxd5 9. O-O O-O 10. h3 c6 11. Qf3 Bd6 12. Bf4 Rb8 13. b3 Qc7 14. Bxd6 Qxd6 15. Qg3 Qxg3 16. fxg3 Re8 17. Rfe1 Kf8 18. Na4 Bd7 19. Nc5 Rxe1+ 20. Rxe1 Re8 21. Rf1 Ke7 22. c4 Be6 23. cxd5 cxd5 24. Kf2 Kd6 25. Rc1 Re7 26. b4 Ke5 27. Re1+ Kd4 28. Bf5 Kc3 29. a3 g6 30. Bd3 Re8 31. Bb5 Rb8 32. Re3+ Kb2 33. Na4+ Ka2 34. Nc3+ Kb2 35. Na4+ Ka2 36. Nc3+ Kb2 1/2-1/2

[Event "European Amateur Chess-ch 2022"]
[Site "Zagreb"]
[Date "2022.08.19"]
[Round "7.14"]
[White "Frouth, Nenad"]
[Black "Gal, Andrej"]
[Result "0-1"]
[ECO "B25"]
[WhiteElo "2121"]
[BlackElo "1878"]
[Annotator "NA RC"]
[PlyCount "50"]
[EventDate "2022.08.14"]
[EventCountry "CRO"]
[SourceTitle "playchess.com"]
[Source "ChessBase"]
[SourceQuality "1"]
[TimeControl "40/5400+30:1800+30"]

1. e4 c5 2. Nc3 e6 3. g3 Nc6 4. Bg2 g6 5. d3 Bg7 6. Nh3 d6 7. O-O Nge7 8. Be3 O-O 9. Qd2 Re8 10. Nf4 Rb8 11. h4 b5 12. h5 b4 13. Nd1 Nd4 14. hxg6 hxg6 15. c3 bxc3 16. bxc3 Ndc6 17. Nh3 Ne5 18. Bh6 Ba6 19. Bxg7 Kxg7 20. c4 N5c6 21. Ne3 Qa5 22. Qc1 Nd4 23. Re1 Rh8 24. Nf4 Nec6 25. Ne2 Ne5 0-1

[Event "European Amateur Chess-ch 2022"]
[Site "Zagreb"]
[Date "2022.08.19"]
[Round "7.15"]
[White "Cvitkovic, Filip"]
[Black "Vanden Bussche, Steven"]
[Result "0-1"]
[ECO "A12"]
[WhiteElo "2164"]
[BlackElo "2026"]
[Annotator "TA"]
[PlyCount "152"]
[EventDate "2022.08.14"]
[EventCountry "CRO"]
[SourceTitle "playchess.com"]
[Source "ChessBase"]
[SourceQuality "1"]
[TimeControl "40/5400+30:1800+30"]

1. c4 c6 2. Nf3 Nf6 3. g3 d5 4. Bg2 Bf5 5. O-O e6 6. b3 Nbd7 7. d3 h6 8. Bb2 Bc5 9. Nbd2 O-O 10. h3 {A12: English Opening: 1...c6 with b3 by White.} Bh7 11. a3 a5 12. Qc2 {The position is equal.} Qb6 {[#]} 13. Rae1 $146 ({Predecessor:} 13. Rad1 Rad8 14. Qc1 Be7 15. Qa1 Ne8 16. Bc3 Bf6 17. d4 Qa6 18. Nh2 Nd6 19. e4 dxe4 {0-1 (40) Sehner,N (2365)-Zude,A (2295) Bad Neuenahr 1987}) 13... Rfe8 14. e3 Rac8 15. Re2 e5 16. e4 dxe4 17. dxe4 Nh5 18. Kh2 g5 19. Ne1 f6 20. Bf3 Ng7 21. Bg4 Rcd8 22. Ng2 (22. Nd3 $5 ) 22... Ne6 23. Bxe6+ Rxe6 24. Kh1 (24. Ne3 $11 {keeps the balance.}) 24... Bd4 25. Bc1 ({White should play} 25. Kh2 $15) 25... Rde8 {Black is more active.} (25... Rd6 $17 26. Ne3 Bxe3 27. Rxe3 Nc5) 26. Ne3 $15 Bxe3 27. Rxe3 Nc5 28. Bb2 R6e7 29. Nf3 (29. Bc3 $1 $15) 29... Rd7 30. Ba1 {[#]} (30. Rfe1 $142) 30... Qd8 (30... Red8 $142 $1 {White must now prevent ...Rd3.} 31. Kh2 Rd3 32. Rxd3 Rxd3) 31. Rfe1 Rd3 {Threatens to win with ...Bxe4.} 32. Rxd3 $2 {This move loses the game for White.} (32. Kg2 $1 $15) 32... Qxd3 $19 ({Weaker is} 32... Nxd3 33. Re3 Nc5 34. b4 $15) 33. Qxd3 Nxd3 34. Re3 Nxf2+ 35. Kg2 Nxe4 36. Rd3 Nc5 37. Rd6 Nxb3 38. Bc3 Kf7 39. Rd7+ Re7 40. Rd8 Ke6 {And now ...Be4 would win.} 41. Kf2 b5 42. cxb5 cxb5 43. Ke3 Rd7 44. Rh8 (44. Rxd7 Kxd7 45. h4) 44... Rd3+ 45. Ke2 Be4 46. Nd2 Nxd2 47. Bxd2 Rxg3 48. Rxh6 Bf5 {Strongly threatening ...Kf7.} 49. Bxa5 {[#]} (49. Kf2 $19 Rxa3 50. Bxg5) 49... Rxh3 {Black mates.} 50. Rxh3 Bxh3 {KB-KB} 51. Ke3 f5 52. Bd8 g4 53. Bc7 Bg2 54. Kf2 Bc6 55. Kg3 Bd7 56. Bb8 Kd5 57. Bc7 Ke4 58. Bb8 f4+ 59. Kg2 g3 60. Bc7 Kf5 61. Kf3 e4+ 62. Kg2 Kg4 63. Be5 Bc6 64. Kg1 Bd5 65. Bd6 Bc4 66. Bc7 f3 67. Bb6 f2+ 68. Bxf2 gxf2+ 69. Kxf2 {KB-KP} Kf4 70. a4 bxa4 71. Kg2 a3 72. Kh2 a2 73. Kg2 a1=Q 74. Kh2 Qg7 75. Kh1 Kf3 76. Kh2 Qg2# {Weighted Error Value: White=0.54/Black=0.26 (precise)} 0-1

[Event "European Amateur Chess-ch 2022"]
[Site "Zagreb"]
[Date "2022.08.19"]
[Round "7.16"]
[White "Jakupec, Denis"]
[Black "Janiszewski, Maciej"]
[Result "0-1"]
[ECO "A43"]
[WhiteElo "2004"]
[BlackElo "2075"]
[Annotator "NA RC"]
[PlyCount "54"]
[EventDate "2022.08.14"]
[EventCountry "CRO"]
[SourceTitle "playchess.com"]
[Source "ChessBase"]
[SourceQuality "1"]
[TimeControl "40/5400+30:1800+30"]

1. d4 c5 2. d5 f5 3. Nc3 Nf6 4. Bg5 Qb6 5. Bxf6 Qxf6 6. Nf3 g5 7. g3 Bg7 8. Bg2 O-O 9. O-O d6 10. Nd2 Nd7 11. e3 Ne5 12. Qe2 f4 13. exf4 gxf4 14. Nce4 Qh6 15. f3 fxg3 16. hxg3 e6 17. dxe6 Bxe6 18. c3 Rad8 19. f4 Ng4 20. Nf3 b5 21. Nh4 Nf6 22. Rfe1 Bc4 23. Qf3 Nxe4 24. Qxe4 d5 25. Qe7 d4 26. Qxc5 dxc3 27. b3 Bd4+ 0-1